 Dungeon Crawl Stone Soup version 0.27-a0-1347-gd8886f0a89 (webtiles) character file.

Game seed: 264866073623404582

13 polve the Skirmisher (level 2, -1/24 HPs)
             Began as a Demonspawn Abyssal Knight on June 27, 2021.
             Was a Follower of Lugonu.
             Succumbed to a kobold's poison
             ... on level 1 of the Dungeon.
             The game lasted 00:00:31 (581 turns).

polve the Skirmisher (Demonspawn Abyssal Knight)     Turns: 581, Time: 00:00:31

Health: -1/24      AC:  5    Str: 12    XL:     2   Next: 24%
Magic:  3/3        EV: 11    Int: 13    God:    Lugonu [*.....]
Gold:   35         SH:  0    Dex: 12    Spells: 1/1 levels left

rFire    . . .     SeeInvis .   a - +1 short sword
rCold    . . .     Faith    .   (no shield)
rNeg     . . .     Spirit   .   b - +0 leather armour
rPois    .         Reflect  .   (no helmet)
rElec    .         Harm     .   (no cloak)
rCorr    .         Rampage  .   (no gloves)
Will     .....                  (no boots)
Stlth    +.........             (no amulet)
HPRegen  0.08/turn              (no ring)
MPRegen  0.08/turn              (no ring)

@: lethally poisoned (-1 -> -14)
A: thin metallic scales 1
a: Renounce Religion, Depart the Abyss


You were on level 1 of the Dungeon.
You worshipped Lugonu.
Lugonu was aware of your devotion.
You visited 1 branch of the dungeon, and saw 1 of its levels.
You visited the Abyss 1 time.

You collected 35 gold pieces.

Inventory:

Hand Weapons
 a - a +1 short sword (weapon)
Armour
 b - a +0 leather armour (worn)
Scrolls
 c - a scroll of amnesia {unknown}
 d - 2 scrolls of identify
 e - a scroll of magic mapping {unknown}


   Skills:
 - Level 3.0 Fighting
 + Level 2.7 Short Blades
 - Level 1.7 Armour
 - Level 0.8 Dodging
 - Level 2.4 Invocations


You had one spell level left.
You didn't know any spells.
Your spell library was empty.

Dungeon Overview and Level Annotations

Branches:
Dungeon (1/15)

Altars:


Innate Abilities, Weirdness & Mutations

You are partially covered in thin metallic scales. (AC +2)


Message History

You closely miss the kobold.
You feel sick. The kobold barely misses you.
You are too injured to fight recklessly!
You are too injured to fight recklessly!
You are too injured to fight recklessly!
You are too injured to fight recklessly!
You are too injured to fight recklessly!
You are too injured to fight recklessly!
You are too injured to fight recklessly!
You are too injured to fight recklessly!
You are too injured to fight recklessly!
You are too injured to fight recklessly!
You are too injured to fight recklessly!
You are too injured to fight recklessly!
A kobold is nearby!
A kobold is nearby!
You hit the kobold but do no damage.
You feel sick.
The kobold hits you with a +4 dagger of venom.
You barely miss the kobold.
You feel sick. The kobold completely misses you.
You hit the kobold.
The kobold is severely wounded.
You feel sick. The kobold barely misses you.
You barely miss the kobold.
The kobold is severely wounded.
You feel sick.
The kobold hits you with a +4 dagger of venom.
You are lethally poisoned!
You hit the kobold but do no damage.
The kobold is severely wounded.
You feel very sick.
The kobold hits you with a +4 dagger of venom.
* * * LOW HITPOINT WARNING * * *
You are more poisoned.
You barely miss the kobold.
The kobold is severely wounded.
* * * LOW HITPOINT WARNING * * *
You feel very sick. The kobold barely misses you.
You barely miss the kobold.
The kobold is severely wounded.
You die...

...# #.# ####.....# ####
#.###........##
######...†.........##
.......###.###..###.########
######.# #.# #..# #.........
######.# #.# #..###.#######.
.......# #.# ..#...##
######.# #.#.###...# #.#
#.#. #@..# #.. ... #K..#
....# .#.### #.#.# # #.# #.#
#.#


You could see a kobold.

Vanquished Creatures
  3 endoplasms (D:1)
  2 giant cockroaches (D:1)
  A goblin (D:1)
  2 ball pythons (D:1)
  3 bats (D:1)
  A frilled lizard (D:1)
12 creatures vanquished.

Notes
Turn   | Place    | Note
-------+----------+-------------------------------------------
     0 | Abyss:1  | polve the Demonspawn Abyssal Knight began the quest for the
                  | Orb.
     0 | Abyss:1  | Reached XP level 1. HP: 18/18 MP: 2/2
   145 | Abyss:1  | Noticed a red devil
   156 | D:1      | Escaped the Abyss
   421 | D:1      | Gained mutation: You are partially covered in thin metallic
                  | scales. (AC +2) [demonic ancestry]
   421 | D:1      | Reached XP level 2. HP: 21/24 MP: 3/3
   581 | D:1      | Succumbed to a kobold's poison

Illustrated notes

Levels and vault maps discovered:
D:1:      dpeg_arrival_refuge, layout_loops_ring

Skill      XL: |  1 |
---------------+----+-----
Short Blades   | 2 |  2.7
Fighting       | |  3.0
Armour         | |  1.7
Dodging        | |  0.8
Invocations    | |  2.4

Action                   || total
-------------------------++-------
Melee: Short sword       ||    40
  Use: Scroll            ||     1
Armor: Leather armour    ||     9
Dodge: Dodged            ||    20

Table legend: (Time is in decaauts)
 A = Elapsed time spent in this place.
 B = Non-inter-level travel time spent in this place.
 C = Inter-level travel time spent in this place.
 D = Time resting spent in this place.
 E = Time spent auto-exploring this place.
 F = Levels seen in this place.
 G = Mean time per level.
                   A        B        C        D        E       F      G
               +--------+--------+--------+--------+--------+-----+--------+
         Total |    580 |    580 |      0 |      0 |    480 |   2 |  290.0 |
       Dungeon |    424 |    424 |      0 |      0 |    336 |   1 |  424.0 |
         Abyss |    156 |    156 |      0 |      0 |    144 |   1 |  156.0 |
               +--------+--------+--------+--------+--------+-----+--------+

Top non-repeatable levels by time:
     D:1: 424 daAuts
 Abyss:1: 156 daAuts
